[Event "Early-Titled-Tuesday-Blitz-September-26-2023"]
[Site "Chess.com"]
[Date "2023.09.26"]
[Round "4"]
[White "yonaltimur"]
[Black "Herman-NY"]
[Result "0-1"]
[WhiteElo "2279"]
[BlackElo "2487"]
[TimeControl "180+1"]
[EndTime "8:39:51 PDT"]
[Termination "Herman-NY won by checkmate"]

1. g3 h5 2. Bg2 h4 3. gxh4 Rxh4 4. Nf3 Rh8 5. d4 Nf6 6. c4 c5 7. d5 b5 8. Bg5 bxc4 9. Nc3 d6 10. e4 Nbd7 11.
Qa4 Rb8 12. Rb1 Rb4 13. Qxa7 g6 14. a3 Rb7 15. Qa4 Bg7 16. e5 dxe5 17. Nxe5 Kf8 18. Nc6 Qc7 19. Qxc4 Nb6 20. Qxc5 Bf5 21. Rc1 Nc8 22.
b4 Nd6 23. Bf4 Nh5 24. Bxd6 exd6 25. Qc4 Qb6 26. a4 Kg8 27. a5 Qc7 28. b5 Kh7 29.
b6 Re8+ 30. Kf1 Qd7 31. h4 Bh6 32. Ra1 Nf4 33. Kg1 Bd3 34. Qd4 Qg4 35. Rh2 Bg7 36. h5 Bxd4 37. hxg6+ Kxg6 38. a6 Bxc3 39. axb7 Bxa1 40.
b8=Q Rxb8 41. Nxb8 Bd4 42. Nd7 Qd1+ 43. Bf1 Qxf1# 0-1

[Event "Early-Titled-Tuesday-Blitz-September-26-2023"]
[Site "Chess.com"]
[Date "2023.09.26"]
[Round "4"]
[White "jk13"]
[Black "Rainbow2014"]
[Result "0-1"]
[WhiteElo "2612"]
[BlackElo "2385"]
[TimeControl "180+1"]
[EndTime "8:39:52 PDT"]
[Termination "Rainbow2014 won by resignation"]

1. e4 e5 2. Nf3 Nf6 3. d3 Nc6 4. c3 d5 5. Qc2 a5 6. a4 Bc5 7. Be2 O-O 8. O-O h6 9. h3 Re8 10. Nbd2 Be6 11. Re1 Nh5 12. Nf1 dxe4 13. dxe4 Qf6 14.
Be3 Bxe3 15. fxe3 Qg6 16. Kh2 Qf6 17. Rad1 Qe7 18. Bb5 Qc5 19. g4 Nf6 20. Ng3 Rad8 21. Qe2 Rxd1 22. Rxd1 Rd8 23. Bxc6 Rxd1 24. Qxd1 bxc6 25.
Qd3 Bc4 26. Qd2 Bb3 27. Kg2 Bxa4 28. Qd8+ Kh7 29. Qxc7 Qxe3 30. Qxe5 Bb5 31. Qd4 Qc1 32. Qd2 Qb1 33. e5 Ne4 34. Nxe4 Qxe4 35. Kg3 Be2 36. Qf4 Qxf3+ 37. Qxf3 Bxf3 38. Kxf3 Kg6 39. Ke4 Kg5 40. Kf3 Kh4 41. Kg2 a4 42. Kh2 c5 43. c4 g6 44. Kg2 h5 45. gxh5 gxh5 46. Kh2 Kg5 47. Kg3 Kf5 48. Kh4 Kxe5 49. Kxh5 f5 50. h4 Ke4 51.
Kg5 f4 52. h5 f3 53. h6 f2 54. h7 f1=Q 55. h8=Q Qg2+ 56. Kf6 Qxb2+ 57. Ke7 Qxh8 0-1

[Event "Early-Titled-Tuesday-Blitz-September-26-2023"]
[Site "Chess.com"]
[Date "2023.09.26"]
[Round "4"]
[White "infinitegiantkiller"]
[Black "bennyficial"]
[Result "1-0"]
[WhiteElo "2446"]
[BlackElo "2141"]
[TimeControl "180+1"]
[EndTime "8:39:52 PDT"]
[Termination "infinitegiantkiller won by resignation"]

1. Nf3 d5 2. g3 Nf6 3. Bg2 c6 4.
O-O Bg4 5. b3 Nbd7 6. Bb2 Qc7 7.
d4 e6 8. Nbd2 Bd6 9. c4 O-O 10.
Rc1 a5 11. Qc2 Bf5 12. Qd1 h6 13. Re1 Ne4 14. Nxe4 Bxe4 15. Nd2 Bxg2 16. Kxg2 Bb4 17. a3 Bxd2 18. Qxd2 Nf6 19. f3 Rfd8 20. e4 dxc4 21. bxc4 e5 22. d5 Nd7 23. Bc3 f6 24.
Rb1 Nc5 25. Rb2 Na4 26. Rb3 Nxc3 27. Rxc3 Qb6 28. Qc2 Qc5 29. Rb1 Rd7 30. Qf2 Qxf2+ 31. Kxf2 Rc8 32. Rcb3 cxd5 33. cxd5 Rc2+ 34. Ke3 Rdc7 35.
R1b2 Rxb2 36. Rxb2 Rc3+ 37. Ke2 Rxa3 38. Rxb7 Ra2+ 39. Ke3 Rxh2 40. d6 Kf8 41. Rb8+ Kf7 42. d7 1-0

[Event "Early-Titled-Tuesday-Blitz-September-26-2023"]
[Site "Chess.com"]
[Date "2023.09.26"]
[Round "4"]
[White "MidnightFox"]
[Black "JosefineHeinemann"]
[Result "1-0"]
[WhiteElo "2403"]
[BlackElo "2567"]
[TimeControl "180+1"]
[EndTime "8:39:53 PDT"]
[Termination "MidnightFox won by resignation"]

1. e4 c6 2. d4 d5 3. exd5 cxd5 4. Nf3 Nc6 5. Be2 Nf6 6. O-O Bg4 7. c3 e6 8. Nbd2 Bd6 9. Re1 O-O 10. Nf1 Ne4 11.
Ne3 Bh5 12. g3 Qf6 13. Ng2 e5 14. Be3 exd4 15. Nxd4 Bxe2 16. Qxe2 Bc5 17. Nxc6 Bxe3 18. Qxe3 bxc6 19. Nf4 Rae8 20. Kg2 a5 21. Nd3 h6 22. Qd4 Qf5 23. h4 Re6 24. Nf4 Re7 25. f3 Rfe8 26.
fxe4 Rxe4 27. Rxe4 Rxe4 28. Qf2 Qe5 29. Rd1 Re3 30. Rd2 Qe4+ 31. Kh2 Rf3 32. Qg2 g5 33. hxg5 hxg5 34. Nh3 Qg4 35. Rf2 Re3 36. Ng1 Re6 37. Nh3 f5 38. Kg1 Re1+ 39. Rf1 Re2 40. Rf2 Re1+ 41.
Rf1 Re2 42. Nf2 Qc4 43. Qf3 Qe4 44. Nxe4 1-0

[Event "Early-Titled-Tuesday-Blitz-September-26-2023"]
[Site "Chess.com"]
[Date "2023.09.26"]
[Round "4"]
[White "DuleMudule"]
[Black "vugarrasulov"]
[Result "0-1"]
[WhiteElo "2766"]
[BlackElo "2943"]
[TimeControl "180+1"]
[EndTime "8:39:56 PDT"]
[Termination "vugarrasulov won on time"]

1. d4 Nf6 2. Bg5 Ne4 3. h4 c5 4.
dxc5 Qa5+ 5. Nd2 Nxd2 6. Qxd2 Qxc5 7. e4 d6 8. Nf3 h6 9. Be3 Qc7 10. c3 Nc6 11. Nd4 a6 12. Nxc6 bxc6 13. Bc4 e6 14. f4 Be7 15. g4 d5 16. Bd3 Bb7 17. Bd4 Bf6 18. e5 Be7 19. b4 a5 20.
h5 axb4 21. cxb4 Ra3 22. Rh3 Ba6 23. Rb1 Bc4 24. Rb2 Qb7 25. Re3 O-O 26. Bh7+ Kxh7 27. Rxa3 Bh4+ 28. Bf2 Bxf2+ 29. Qxf2 f6 30. Qa7 Qc8 31. Rf2 Qd8 32. Qb7 fxe5 33. Ra7 Rg8 34. Qe7 Qb6 35. Qc5 Qd8 36. Qe7 Qb6 37. Qc5 Qb8 38.
f5 e4 39. f6 Qg3 40. f7 Rf8 41. Qd4 e3 0-1

[Event "Early-Titled-Tuesday-Blitz-September-26-2023"]
[Site "Chess.com"]
[Date "2023.09.26"]
[Round "4"]
[White "bascheyaro"]
[Black "zimmm36"]
[Result "0-1"]
[WhiteElo "2799"]
[BlackElo "2689"]
[TimeControl "180+1"]
[EndTime "8:39:56 PDT"]
[Termination "zimmm36 won by resignation"]

1. d4 d5 2. c4 e6 3. Nc3 Nf6 4. Bg5 Be7 5. e3 O-O 6. Qc2 b6 7. cxd5 exd5 8. Nf3 Bb7 9. Bd3 h6 10. Bf4 c5 11. Nb5 Nc6 12. a3 a6 13. Nc3 c4 14. Bf5 b5 15. O-O Bd6 16. Ne5 Re8 17. Nxc6 Bxc6 18. Bxd6 Qxd6 19. b3 g6 20. Bh3 a5 21. a4 b4 22. Nb5 Bxb5 23. axb5 c3 24. Ra4 Reb8 25. Rfa1 Qc7 26. Qd3 Ne4 27. g3 Nd2 28.
Bg2 Qd8 29. Qc2 Rxb5 30. Bf1 Rb7 31. Bd3 Qb6 32. Kg2 Rba7 33. Be2 Qf6 34. h4 h5 35.
Bd3 Kf8 36. Be2 Ke7 37. Bd3 Qf3+ 38. Kg1 Kd7 39. Bf1 Qe4 40. Bd3 Qe6 41. Kg2 Qf6 42. Bb5+ Kc7 43. Be2 Kb6 44. R1a2 Qc6 45. Ra1 f5 46.
Bd3 Qe6 47. Be2 Qe4+ 48. Qxe4 fxe4 49. Bd1 Rg8 50. Bc2 g5 51. hxg5 Rxg5 52. Rh1 Rf5 53. Kg1 h4 54. Rxh4 Nf3+ 55. Kg2 Nxh4+ 56. gxh4 Rg7+ 57.
Kf1 Rgf7 58. f4 Rh5 59. Ra2 Rxh4 60. Bd1 Rh1+ 61. Kg2 Rxd1 0-1

[Event "Early-Titled-Tuesday-Blitz-September-26-2023"]
[Site "Chess.com"]
[Date "2023.09.26"]
[Round "4"]
[White "BigAl"]
[Black "ChessQueen"]
[Result "1-0"]
[WhiteElo "2562"]
[BlackElo "2724"]
[TimeControl "180+1"]
[EndTime "8:39:57 PDT"]
[Termination "BigAl won on time"]

1. Nf3 d5 2. g3 Nf6 3. Bg2 c5 4. O-O Nc6 5. d3 e5 6. Bg5 Be7 7. Nbd2 O-O 8. e4 d4 9. Nc4 Nd7 10. Bxe7 Qxe7 11. Nh4 Nf6 12. Nf5 Bxf5 13. exf5 Qc7 14.
Re1 Rfe8 15. a4 Nb4 16. h3 Re7 17. Be4 Rd8 18. Rc1 b6 19. Qf3 Qd7 20. c3 dxc3 21. bxc3 Nbd5 22. a5 b5 23. Ne3 Nxe3 24. Rxe3 Qc7 25. a6 Qb6 26. Bb7 h6 27. Rce1 Qd6 28.
g4 b4 29. cxb4 cxb4 30. Qg3 Nd7 31. d4 Qxd4 32. Rd3 Qb6 33. Red1 Qc7 34. g5 hxg5 35.
Qxg5 Ree8 36. Bd5 Nf6 37. Rg3 Nh5 38. Qxh5 Rxd5 39. Rxd5 b3 40. f6 g6 41. Qh6 1-0

[Event "Early-Titled-Tuesday-Blitz-September-26-2023"]
[Site "Chess.com"]
[Date "2023.09.26"]
[Round "4"]
[White "profedechess93"]
[Black "almaguerjm"]
[Result "0-1"]
[WhiteElo "2662"]
[BlackElo "2492"]
[TimeControl "180+1"]
[EndTime "8:39:58 PDT"]
[Termination "almaguerjm won by resignation"]

1. e4 e5 2. Nf3 Nc6 3. Bc4 Nf6 4.
d3 h6 5. c3 Bc5 6. Bb3 d6 7.
Qe2 a5 8. a4 Bg4 9. Nbd2 Qd7 10.
Nf1 O-O-O 11. Ng3 d5 12. O-O Bb6 13. Be3 dxe4 14. dxe4 Be6 15. Bxe6 Qxe6 16. Bxb6 cxb6 17. Qb5 Kc7 18. b4 Ra8 19. Rab1 Nd7 20. Rfd1 g6 21. Rd5 Rhe8 22. Rbd1 Ndb8 23. Qd3 axb4 24. cxb4 Nxb4 25. Qc3+ N8c6 26. Rxe5 Qf6 27. Rdd5 Nxd5 28. exd5 Rxe5 29. dxc6 Rae8 30. cxb7+ Kxb7 31. Nxe5 Qxe5 32. Qf3+ Ka6 33.
h4 f5 34. Qc6 Re7 35. Qc8+ Ka7 36. Qc4 f4 37. Nf1 g5 38. hxg5 hxg5 39. Qb4 g4 40. a5 bxa5 41. Qc4 g3 42. Qc2 Rc7 43.
Qd2 gxf2+ 44. Qxf2+ Qc5 45. Qxc5+ Rxc5 46. Kf2 a4 47.
Kf3 a3 48. Nd2 a2 0-1

[Event "Early-Titled-Tuesday-Blitz-September-26-2023"]
[Site "Chess.com"]
[Date "2023.09.26"]
[Round "4"]
[White "TatjanaVasilevich"]
[Black "BeautiFullMindChess"]
[Result "1-0"]
[WhiteElo "2550"]
[BlackElo "2345"]
[TimeControl "180+1"]
[EndTime "8:39:58 PDT"]
[Termination "TatjanaVasilevich won on time"]

1. d4 Nf6 2. c4 e6 3. Bg5 d5 4. cxd5 exd5 5. Nc3 c6 6. e3 Be7 7. Bd3 O-O 8. Qc2 h6 9. Bh4 Nbd7 10. Nge2 Re8 11.
O-O Ne4 12. Bxe7 Qxe7 13. Rfe1 Ndf6 14. f3 Nd6 15. e4 dxe4 16. fxe4 Ng4 17. Ng3 Nxh2 18.
e5 Nb5 19. Bxb5 cxb5 20. Qe4 Ng4 21. Nf5 Bxf5 22. Qxf5 Qh4 23. Qf4 g5 24. Qf3 Qh2+ 25. Kf1 Qh4 26. Kg1 Rad8 27. Rad1 Rxd4 28. Ne4 Qh2+ 29.
Kf1 Rxd1 30. Rxd1 Qxe5 31. Qxg4 Qxe4 32. Qxe4 Rxe4 33. Rd7 Rf4+ 34. Ke2 a5 35. Rxb7 b4 36. Rb5 Rg4 37. Kf3 Rf4+ 38. Ke3 a4 39. Ra5 b3 40. axb3 axb3 41. Rb5 Rg4 42. Kf3 Rf4+ 43. Kg3 Rc4 44. Rxb3 Rc2 45. Kf3 Kg7 46. Rb6 f6 47. b4 Kg6 48. g4 Rb2 49. b5 Rb3+ 50. Kg2 h5 51. gxh5+ Kf5 52. Rb8 g4 53. b6 Kg5 54. b7 Kf4 55. h6 Rb2+ 56. Kf1 Kf3 57. Ke1 g3 58.
h7 g2 59. Rg8 Rxb7 60. h8=Q Rb1+ 61. Kd2 g1=Q 62. Rxg1 Rxg1 63. Qxf6+ Kg2 64. Ke2 Kh1 65. Qh4+ Kg2 66. Qh5 Rh1 67. Qg4+ Kh2 68. Kf2 1-0

[Event "Early-Titled-Tuesday-Blitz-September-26-2023"]
[Site "Chess.com"]
[Date "2023.09.26"]
[Round "4"]
[White "Raskolnikov6"]
[Black "ShahMatKanal"]
[Result "1-0"]
[WhiteElo "2334"]
[BlackElo "2498"]
[TimeControl "180+1"]
[EndTime "8:39:58 PDT"]
[Termination "Raskolnikov6 won by resignation"]

1. d4 d5 2. c4 e6 3. Nc3 Nf6 4. cxd5 exd5 5. Bg5 c6 6. e3 Qb6 7. Qb3 Qxb3 8. axb3 Ne4 9. Bf4 Bb4 10. Ne2 Nd7 11. f3 Nef6 12. Nc1 O-O 13. Nd3 Be7 14. b4 Nh5 15. Bc7 b5 16. g4 Nhf6 17. Kf2 Ne8 18. Bf4 g5 19. Bg3 Nd6 20. Nc5 Nc4 21. b3 Ncb6 22.
Bd3 Nxc5 23. bxc5 Nd7 24. h4 h6 25. hxg5 hxg5 26. b4 Bf6 27. Ra5 a6 28. Raa1 Bb7 29. Bf5 Rfd8 30. Bc7 Nf8 31. Bxd8 Rxd8 32. Ne2 Re8 33. Bd3 Ne6 34. Ng3 Nxd4 35. exd4 Bxd4+ 36. Kg2 Bxa1 37. Rxa1 Re3 38. Ra3 Re1 39. Kf2 Rc1 40. Bf5 Rc4 41. Re3 Rxb4 42. Re8+ Kg7 43. Nh5+ 1-0

[Event "Early-Titled-Tuesday-Blitz-September-26-2023"]
[Site "Chess.com"]
[Date "2023.09.26"]
[Round "4"]
[White "Eloist"]
[Black "Mihajlovskij"]
[Result "1-0"]
[WhiteElo "2496"]
[BlackElo "2284"]
[TimeControl "180+1"]
[EndTime "8:39:59 PDT"]
[Termination "Eloist won by resignation"]

1. e4 d5 2. exd5 Qxd5 3. Nc3 Qe5+ 4. Be2 Bg4 5. d4 Bxe2 6. Ngxe2 Qa5 7. O-O Nf6 8. d5 c6 9. Nf4 cxd5 10. Ncxd5 Nxd5 11. Qxd5 Qxd5 12. Nxd5 Na6 13. Bf4 e6 14. Rfe1 Rc8 15.
Be5 f6 16. Bc3 Kf7 17. Nf4 e5 18. Nd5 Bc5 19. Rad1 Rhd8 20. Ne3 Bxe3 21. fxe3 Nc5 22.
Bb4 Ne4 23. c3 b6 24. Kf1 a5 25. Ba3 Nd2+ 26. Ke2 Nc4 27. e4 Ke6 28. Rd3 Rxd3 29.
Kxd3 b5 30. Re2 g6 31. Rf2 f5 32. g3 Rd8+ 33. Kc2 fxe4 34. Bc5 Rc8 35. Ba7 Rc7 36. Bb8 Rc8 37. Ba7 Ne3+ 38. Bxe3 b4 39. Rd2 bxc3 40. bxc3 Rf8 41. c4 Rf3 42. Bb6 a4 43. c5 Ra3 44.
Kb2 e3 45. Re2 Rd3 46. c6 Kd6 47. Rc2 e2 48. Bf2 Kc7 49. Be1 Rd2 50. Bxd2 1-0

[Event "Early-Titled-Tuesday-Blitz-September-26-2023"]
[Site "Chess.com"]
[Date "2023.09.26"]
[Round "4"]
[White "HATilay"]
[Black "Makswolf200817"]
[Result "1-0"]
[WhiteElo "2574"]
[BlackElo "2738"]
[TimeControl "180+1"]
[EndTime "8:40:00 PDT"]
[Termination "HATilay won on time"]

1. d4 d5 2. c4 e6 3. Nc3 c6 4.
Nf3 dxc4 5. g3 b5 6. Bg2 Bb7 7. O-O Nd7 8. e4 Ngf6 9. e5 Nd5 10. Ng5 Be7 11. Nce4 h6 12. Qh5 O-O 13. Nf3 f5 14.
exf6 N7xf6 15. Qe5 Qd7 16. Nc5 Bxc5 17. dxc5 Rae8 18.
h3 Qe7 19. Be3 Nxe3 20. Qxe3 Nd5 21. Qe4 Qxc5 22. Ne5 Rf5 23. Rae1 Nf6 24. Qe2 Qd6 25. f4 Nd5 26. Be4 Rf6 27. Rd1 c5 28. Kh2 Ref8 29.
Ng4 R6f7 30. Bg6 Rc7 31. Ne5 Qe7 32. Be4 Qf6 33. Rde1 Re7 34. Bg2 Qf5 35. Ng4 Qd3 36. Qf2 Ref7 37. Be4 Qd4 38. Qf3 1-0

[Event "Early-Titled-Tuesday-Blitz-September-26-2023"]
[Site "Chess.com"]
[Date "2023.09.26"]
[Round "4"]
[White "Fy_Rakotomaharo"]
[Black "m_ezat"]
[Result "1-0"]
[WhiteElo "2715"]
[BlackElo "2535"]
[TimeControl "180+1"]
[EndTime "8:40:00 PDT"]
[Termination "Fy_Rakotomaharo won by resignation"]

1. Nf3 Nf6 2. b3 g6 3. Bb2 Bg7 4. g3 O-O 5. Bg2 d6 6. d4 e5 7. dxe5 Nfd7 8. O-O Nc6 9. Nbd2 a5 10. Nc4 Ndxe5 11. Nfxe5 Nxe5 12. Nxe5 dxe5 13. Qxd8 Rxd8 14. Rad1 Re8 15. a4 c6 16. Rd2 Bf5 17. Rfd1 h5 18. h3 Bh6 19. e3 Bf8 20. Bc3 Bb4 21. Bxb4 axb4 22. e4 Be6 23. f4 Ra5 24. Kf2 Rc5 25. fxe5 Rxe5 26. Rd4 c5 27. Rd8 Kf8 28. Ke3 c4 29.
Rxe8+ Kxe8 30. bxc4 Rc5 31. Bf1 Bd7 32. Rb1 Bxa4 33.
Rxb4 Bc6 34. Kd4 Rg5 35. Rb3 Ke7 36. c5 f5 37. exf5 Rxf5 38. Re3+ Kf6 39. Bc4 Rf2 40.
Re6+ Kg7 41. Bd3 Rf6 42. Rxf6 Kxf6 43. Be4 Ke6 44. Bxg6 h4 45. gxh4 Bg2 46. Be4 Bxh3 47. Bxb7 Bf5 48. Bc8+ 1-0

[Event "Early-Titled-Tuesday-Blitz-September-26-2023"]
[Site "Chess.com"]
[Date "2023.09.26"]
[Round "4"]
[White "ashookk"]
[Black "Kielinkei"]
[Result "0-1"]
[WhiteElo "2229"]
[BlackElo "2476"]
[TimeControl "180+1"]
[EndTime "8:40:01 PDT"]
[Termination "Kielinkei won by checkmate"]

1. Nf3 d5 2. c4 d4 3. d3 Nc6 4.
g3 e5 5. Bg2 Nf6 6. O-O Bc5 7.
b3 O-O 8. Ba3 Bxa3 9. Nxa3 Qe7 10. Nc2 h6 11. a3 a5 12. Qd2 Bf5 13. b4 axb4 14. axb4 Qe6 15. b5 Ne7 16. Qb4 c6 17. Qc5 Nd7 18. Qb4 c5 19. Qb2 e4 20. Nfe1 b6 21.
f3 e3 22. f4 Rxa1 23. Qxa1 Bh3 24. Nf3 Bxg2 25. Kxg2 Nf6 26. Qa7 Ng4 27. Ra1 Nf2 28.
Ng1 Ng6 29. h3 h5 30. Qb7 h4 31. Qf3 hxg3 32. Qxg3 Qf5 33. Kf3 Ne5+ 34. Kg2 Ng6 35. Kf3 Ne5+ 36. Kg2 Nexd3 37. exd3 Qxd3 38. Ne1 Qxc4 39. Nef3 Qd5 40. Kh2 d3 41. Ng5 Qh1# 0-1

[Event "Early-Titled-Tuesday-Blitz-September-26-2023"]
[Site "Chess.com"]
[Date "2023.09.26"]
[Round "4"]
[White "GMaka"]
[Black "Aswathchess"]
[Result "1-0"]
[WhiteElo "2421"]
[BlackElo "2586"]
[TimeControl "180+1"]
[EndTime "8:40:02 PDT"]
[Termination "GMaka won by resignation"]

1. d4 Nf6 2. Bg5 Ne4 3. Bf4 d5 4. f3 Nf6 5. Nc3 Bf5 6. g4 Bg6 7. h4 h6 8. e3 e6 9. Bd3 Bxd3 10. cxd3 Bd6 11. Nge2 c6 12. Kf2 Bxf4 13. Nxf4 Qe7 14.
g5 Nfd7 15. g6 e5 16. gxf7+ Qxf7 17. dxe5 Nxe5 18. d4 Nc4 19. b3 Nd6 20. Qd3 Nd7 21. Rhg1 O-O-O 22. Qg6 Qe7 23. Qe6 Qxh4+ 24. Rg3 Qf6 25. Rg6 Qh4+ 26. Kg2 Ne8 27. Rh1 Qf6 28. Rxf6 Nxf6 29. Qf5 Rde8 30. Ng6 Rhg8 31. e4 dxe4 32. Nxe4 Kd8 33. Nxf6 Nxf6 34. Kf2 Kc7 35. Re1 Rxe1 36. Kxe1 Rd8 37. Qe5+ Kb6 38. Qc5+ Kc7 39. Qxa7 Rd5 40. Nf4 Rd6 41. Qc5 Nd7 42. Qh5 Rf6 43. Ng6 Re6+ 44. Ne5 c5 45. Qf7 Rd6 46. dxc5 Rd5 47. Nxd7 Rxd7 48. Qf4+ Kc6 49. Qc4 Rd5 50. b4 Re5+ 51.
Kf2 Re7 52. b5+ Kc7 53. Qd5 Rd7 54. b6+ Kd8 55. Qg8+ 1-0

[Event "Early-Titled-Tuesday-Blitz-September-26-2023"]
[Site "Chess.com"]
[Date "2023.09.26"]
[Round "4"]
[White "Russian_berezka"]
[Black "AndrewB92"]
[Result "1-0"]
[WhiteElo "2600"]
[BlackElo "2370"]
[TimeControl "180+1"]
[EndTime "8:40:03 PDT"]
[Termination "Russian_berezka won by resignation"]

1. d4 d5 2. c4 e6 3. Nc3 Nf6 4. cxd5 exd5 5. Bg5 c6 6. e3 Bf5 7. Qf3 Bg6 8. Bxf6 Qxf6 9. Qxf6 gxf6 10. Nf3 Nd7 11. Nh4 Be7 12. Ne2 f5 13. Nf3 O-O-O 14. h4 h5 15. Nf4 Bb4+ 16. Kd1 Nf6 17. Bd3 Ne4 18. Ke2 Bd6 19. g3 Bxf4 20. gxf4 f6 21. Rag1 Rdg8 22. Nd2 Bf7 23. Nf1 Kd7 24. f3 Nd6 25.
Kf2 b6 26. Rxg8 Rxg8 27. Ng3 Ke6 28. Rc1 Rc8 29. e4 fxe4 30. fxe4 dxe4 31. Nxe4 Nxe4+ 32. Bxe4 Kd6 33. a3 Bd5 34. Bg6 Rg8 35. Rg1 Rh8 36.
Re1 c5 37. dxc5+ bxc5 38. Re8 Rh6 39. f5 c4 40. Ke3 Bg2 41. Re6+ Kc5 42. Rxf6 Bh3 43.
Rf8 a5 44. Kf4 Kd6 45. Kg5 Ke7 46.
Re8+ 1-0

[Event "Early-Titled-Tuesday-Blitz-September-26-2023"]
[Site "Chess.com"]
[Date "2023.09.26"]
[Round "4"]
[White "Let_it_be_1"]
[Black "ajedrezhoy"]
[Result "0-1"]
[WhiteElo "2601"]
[BlackElo "2394"]
[TimeControl "180+1"]
[EndTime "8:40:04 PDT"]
[Termination "ajedrezhoy won by resignation"]

1. e4 Nf6 2. e5 Nd5 3. d4 d6 4. Nf3 g6 5. Bc4 Nb6 6. Bb3 Bg7 7. O-O O-O 8. c3 dxe5 9. Nxe5 N8d7 10. Nxd7 Bxd7 11.
Re1 a5 12. a4 Bc6 13. Nd2 Bd5 14. Ne4 Bxb3 15. Qxb3 Qd5 16. Qc2 Qf5 17. Qe2 Rfe8 18. Nc5 Qd5 19. Nd3 Qc4 20. Bf4 Rac8 21. Qc2 Nd5 22. Bg3 b6 23. h4 h5 24. Ne5 Qa6 25.
Nxg6 fxg6 26. Qxg6 Nf6 27. Re5 Qc4 28. Rae1 Qf7 29. Qg5 c5 30. d5 Rcd8 31. c4 Nh7 32. Qxh5 Qxh5 33. Rxh5 Bxb2 34. Bc7 Rd7 35. Bxb6 Bc3 36.
Bxc5 Bxe1 37. Bd4 Nf6 38. Rg5+ Kf7 39. Rf5 Bb4 40. g4 Kg6 41. h5+ Kh7 42. f3 Rg8 43.
Kf2 Rc7 44. c5 Bxc5 45. Bxc5 Rxc5 46. g5 Rxd5 47. Rxd5 Nxd5 48. g6+ Kh6 0-1

[Event "Early-Titled-Tuesday-Blitz-September-26-2023"]
[Site "Chess.com"]
[Date "2023.09.26"]
[Round "4"]
[White "JoseRemolar"]
[Black "C_K_G"]
[Result "0-1"]
[WhiteElo "2406"]
[BlackElo "1897"]
[TimeControl "180+1"]
[EndTime "8:40:04 PDT"]
[Termination "C_K_G won by resignation"]

1. d4 d5 2. Nf3 e6 3. e3 Nf6 4.
Bd3 c5 5. b3 Nc6 6. Bb2 Bd6 7. O-O O-O 8. Ne5 Qc7 9. f4 a6 10. Nd2 b5 11. c4 bxc4 12. bxc4 Rb8 13.
Rb1 cxd4 14. exd4 dxc4 15. Ndxc4 Nb4 16. Be2 Nbd5 17. Rc1 Bd7 18. Rf3 Bb5 19. Nxd6 Qxd6 20.
Ba3 Bxe2 21. Qxe2 Nxf4 22. Qd2 Qxd4+ 23. Qxd4 Ne2+ 24. Kf2 Nxd4 25. Bxf8 Nxf3 26. Bd6 Nxe5 27. Bxb8 Nd3+ 28. Ke3 Nxc1 29. a4 Nb3 30. Bd6 Nd5+ 31. Kd3 f5 32. Kc4 Nd2+ 33. Kd3 Nf1 34. h3 Nfe3 35. g3 g5 36. Bc5 f4 37. gxf4 gxf4 38. Ke4 Kf7 39. a5 Kg6 40. Bd6 Kg5 41. Kf3 Kf5 42.
Bc5 e5 43. Ke2 e4 0-1

[Event "Early-Titled-Tuesday-Blitz-September-26-2023"]
[Site "Chess.com"]
[Date "2023.09.26"]
[Round "4"]
[White "JimDiGrease"]
[Black "hakanazeri2"]
[Result "1-0"]
[WhiteElo "2841"]
[BlackElo "2587"]
[TimeControl "180+1"]
[EndTime "8:40:05 PDT"]
[Termination "JimDiGrease won by resignation"]

1. d4 Nf6 2. c4 e6 3. Bf4 d5 4. Nc3 Bd6 5. Bg3 c6 6. e3 Bxg3 7. hxg3 Nbd7 8. Nf3 a6 9. a4 Qc7 10. Bd3 dxc4 11. Bxc4 e5 12. d5 cxd5 13. Bxd5 Nb6 14. Bb3 Bg4 15. a5 Nbd7 16. Qc2 Nc5 17. O-O Nxb3 18.
Qxb3 O-O 19. Rfc1 Bxf3 20. gxf3 Qe7 21. Ra4 Rac8 22. Rb4 Rc7 23. Rd1 h5 24. Kg2 g6 25.
Nd5 Nxd5 26. Rxd5 Rd8 27. Rb6 Rxd5 28. Qxd5 Kg7 29. b4 Rd7 30. Qe4 Rc7 31. Qd3 h4 32. g4 Rd7 33. Qe4 Rc7 34. b5 axb5 35. Rxb5 f6 36.
g5 h3+ 37. Kh2 fxg5 38. Rxe5 Qd7 39. Rxg5 Qd6+ 40. Kxh3 Kf6 41. Rxg6+ 1-0

[Event "Early-Titled-Tuesday-Blitz-September-26-2023"]
[Site "Chess.com"]
[Date "2023.09.26"]
[Round "4"]
[White "AlmasRakhmatullaev"]
[Black "Iskusnyh"]
[Result "1-0"]
[WhiteElo "2783"]
[BlackElo "2577"]
[TimeControl "180+1"]
[EndTime "8:40:06 PDT"]
[Termination "AlmasRakhmatullaev won by resignation"]

1. e4 e6 2. d4 d5 3. Nc3 Nf6 4. Qd3 c5 5. dxc5 Bxc5 6. Nf3 dxe4 7. Nxe4 Qxd3 8. Nxf6+ gxf6 9. Bxd3 Nc6 10. Bd2 Nb4 11. Bb5+ Ke7 12. Ba4 Bd7 13. Bxd7 Nxc2+ 14. Ke2 Kxd7 15.
Rac1 Nd4+ 16. Nxd4 Bxd4 17. Rhd1 e5 18. Be3 Rac8 19.
Rxc8 Rxc8 20. Bxd4 exd4 21. Rxd4+ Ke6 22. Rd2 h5 23. Kf3 Rc4 24. g3 h4 25. g4 f5 26.
gxf5+ Kf6 27. Rd6+ Ke7 28. Rd3 Rc2 29. Rb3 b6 30. Ra3 Rxb2 31. Rxa7+ Kf6 32. h3 Rc2 33. Ra6 Kxf5 34. Ra4 b5 35. Ra5 Kg6 36. a3 f5 37.
Rxb5 Rc3+ 38. Kf4 Rxa3 39. Rb6+ Kh5 40. f3 Ra4+ 41. Ke5 Ra3 42. f4 Ra5+ 43. Kf6 Kh6 44. Rb8 Ra6+ 45. Kxf5 Ra3 46. Kg4 Rg3+ 47. Kxh4 Rg1 48.
Rb5 Rg2 49. Rh5+ Kg6 50. Rg5+ 1-0

[Event "Early-Titled-Tuesday-Blitz-September-26-2023"]
[Site "Chess.com"]
[Date "2023.09.26"]
[Round "4"]
[White "RafalBRC"]
[Black "ATM622"]
[Result "1-0"]
[WhiteElo "2123"]
[BlackElo "2421"]
[TimeControl "180+1"]
[EndTime "8:40:09 PDT"]
[Termination "RafalBRC won on time"]

1. Nf3 c5 2. g3 b5 3. Bg2 Bb7 4. O-O h5 5. h4 Nf6 6. a4 a6 7. axb5 axb5 8. Rxa8 Bxa8 9. c4 b4 10. b3 d5 11. Bb2 d4 12. e3 d3 13. Ne5 Bxg2 14.
Kxg2 e6 15. Qf3 Be7 16. e4 O-O 17. Nxd3 Ng4 18. Nf4 g6 19. d3 Kh7 20. Nd2 Qd7 21. Qe2 Qc6 22. f3 Nh6 23. Ra1 Na6 24. Nf1 Qd6 25. Ne3 f5 26. exf5 gxf5 27. Nxh5 Rg8 28. f4 Ng4 29. Nxg4 Rxg4 30. Re1 Nc7 31. Be5 Qc6+ 32. Kh2 Ne8 33. d4 Kh6 34. d5 Qa6 35. d6 Bxh4 36. gxh4 Rxh4+ 37. Kg3 Rg4+ 38. Kf3 Qa3 39.
d7 Qxb3+ 40. Qe3 Qxc4 41. dxe8=Q Qd5+ 42. Ke2 Qc4+ 43. Kd2 Qa2+ 44. Kd3 c4+ 45. Kd4 Qb2+ 46. Kc5 1-0

[Event "Early-Titled-Tuesday-Blitz-September-26-2023"]
[Site "Chess.com"]
[Date "2023.09.26"]
[Round "4"]
[White "LionTheLeon_06"]
[Black "Krakozia"]
[Result "1/2-1/2"]
[WhiteElo "2828"]
[BlackElo "3019"]
[TimeControl "180+1"]
[EndTime "8:40:10 PDT"]
[Termination "Game drawn by repetition"]

1. e4 c5 2. Nf3 e6 3. g3 Nc6 4. Bg2 Nf6 5. Qe2 d5 6. exd5 Nxd5 7. O-O g6 8. Nc3 Bg7 9. Nxd5 Qxd5 10. c3 O-O 11.
Rd1 e5 12. d3 Qd7 13. Be3 Qe7 14. Nd2 Bd7 15. a4 b6 16. Nc4 Rac8 17. a5 b5 18.
Nd2 Nd4 19. Bxd4 cxd4 20. cxd4 Rc2 21. Qe3 Bg4 22. Rdc1 Qc7 23. Rxc2 Qxc2 24. dxe5 a6 25. Re1 Qxb2 26. h3 Be6 27. d4 Rd8 28. d5 Bxd5 29.
Bxd5 Rxd5 30. Nf3 Rd8 31. Kg2 Qa2 32. Qb6 Rd3 33. Qxa6 Qd5 34. Re3 Rxe3 35. fxe3 Qa2+ 36. Kg1 Qb1+ 37. Kf2 Qc2+ 38. Kf1 Qc4+ 39. Kf2 Qc2+ 40.
Kf1 Qb1+ 41. Kf2 Qc2+ 1/2-1/2

[Event "Early-Titled-Tuesday-Blitz-September-26-2023"]
[Site "Chess.com"]
[Date "2023.09.26"]
[Round "4"]
[White "noblerone"]
[Black "Irina_Mikhaylova"]
[Result "1-0"]
[WhiteElo "2503"]
[BlackElo "2293"]
[TimeControl "180+1"]
[EndTime "8:40:10 PDT"]
[Termination "noblerone won by resignation"]

1. d4 Nf6 2. c4 g6 3. Nc3 d5 4. Nf3 Bg7 5. Bg5 dxc4 6. e3 Be6 7. Qa4+ c6 8. Ne5 b5 9. Nxb5 cxb5 10. Qxb5+ Nbd7 11. Bxc4 Bxc4 12. Qxc4 Nxe5 13. dxe5 Qa5+ 14. Kf1 O-O 15. exf6 Rfc8 16. Qe2 Qxg5 17. fxg7 Rab8 18. h4 Qb5 19. b3 Kxg7 20. h5 Rc2 21. Qxb5 Rxb5 22.
hxg6 hxg6 23. Rh4 Rd5 24. Rf4 Rdd2 25. a4 Rb2 26. b4 e5 27. Rf3 Rxb4 28. a5 Rbb2 29.
g4 g5 30. Rf5 Kg6 31. Rc1 Rdc2 32. Rxc2 Rxc2 33. Rxe5 Ra2 34. Rb5 f6 35. Kg2 a6 36.
Rc5 Ra4 37. Kf3 Ra3 38. Rd5 Ra4 39. Kg3 Kh6 40. f3 Ra3 41. e4 Kg6 42. e5 fxe5 43. Rxe5 Kf6 44. Rc5 Ke6 45. Rc6+ Ke5 46. Rxa6 Kd4 47.
Rd6+ Ke3 48. a6 Ke2 49. Re6+ Kf1 50. Re5 Rxa6 51. Rxg5 Ke2 52. Rf5 Ke3 53. g5 Ra1 54. Kg4 Rh1 55. g6 Kd4 56. Kg5 1-0